 Dungeon Crawl Stone Soup version 0.23.2-40-g277498a (webtiles) character file.

Game seed: 15023991075968434752

582 Aphrodieselac the Charmwright (level 7, 0/50 HPs)
             Began as a Merfolk Skald on Oct 13, 2019.
             Was an Initiate of Okawaru.
             Killed from afar by an orc wizard (10 damage)
             ... with a puff of frost
             ... on level 4 of the Dungeon.
             The game lasted 00:15:41 (3682 turns).

Aphrodieselac the Charmwright (Merfolk Skald)       Turns: 3682, Time: 00:15:41

Health: 0/50       AC:  3    Str: 12    XL:     7   Next: 36%
Magic:  2/10       EV: 13    Int: 14    God:    Okawaru [......]
Gold:   249        SH:  0    Dex: 17    Spells: 5/10 levels left

rFire    . . .     SeeInvis .   a - +1 spear (venom)
rCold    . . .     Gourm    .   (no shield)
rNeg     . . .     Faith    .   m - +0 leather armour
rPois    .         Spirit   .   (no helmet)
rElec    .         Reflect  .   (no cloak)
rCorr    .         Harm     .   p - -2 pair of gloves (curse)
MR       .....                  g - +0 pair of boots
Stlth    +.........             (no amulet)
HPRegen  0.16/turn              w - +4 ring of dexterity
MPRegen  0.12/turn              (no ring)

@: infused (expiring)
A: change form in water, swift swim, stealthy swim
a: Renounce Religion


You were on level 4 of the Dungeon.
You worshipped Okawaru.
Okawaru was noncommittal.
You were not hungry.

You visited 1 branch of the dungeon, and saw 4 of its levels.

You collected 249 gold pieces.

Inventory:

Hand Weapons
 a - a +1 spear of venom (weapon)
 b - a +0 hunting sling
Missiles
 s - 54 sling bullets
 u - 16 poisoned needles
 B - 8 javelins (quivered)
Armour
 g - a +0 pair of boots (worn)
 j - a +0 pair of gloves
 m - a +0 leather armour (worn)
 p - a cursed -2 pair of gloves (worn)
 x - +0 storm dragon scales
Jewellery
 t - an uncursed ring of fire
 w - a +4 ring of dexterity (left hand)
Wands
 y - a wand of flame (13)
 A - a wand of disintegration (13)
Scrolls
 c - 2 scrolls of enchant weapon {unknown}
 e - 5 scrolls of identify {unknown}
 f - a scroll of teleportation {unknown}
 k - 4 scrolls of remove curse {unknown}
 l - 3 scrolls of enchant armour {unknown}
 n - a scroll of blinking {unknown}
 v - a scroll of random uselessness {unknown}
Potions
 h - 2 potions of lignification {unknown}
 i - 2 potions of curing {unknown}
 o - a potion of degeneration {unknown}
 r - a potion of might {unknown}
 z - a potion of ambrosia {unknown}
 C - a potion of brilliance {unknown}
Comestibles
 d - 8 rations
 q - 5 chunks of flesh


   Skills:
 - Level 2.1 Fighting
 + Level 6.9 Polearms
 - Level 0.6 Armour
 - Level 2.6 Dodging
 - Level 2.0 Spellcasting
 * Level 7.7 Charms


You had 5 spell levels left.
You knew the following spells:

 Your Spells              Type           Power        Failure   Level  Hunger
a - Infusion              Chrm           ###.         1%          1    ##.....
b - Song of Slaying       Chrm           ###.....     1%          2    ###....
c - Shroud of Golubria    Chrm/Tloc      ##........   10%         2    ###....

Your spell library contained the following spells:

 Spells                   Type           Power        Failure   Level  Hunger
 Regeneration             Chrm/Necr      ##........   19%         3    ####...
 Spectral Weapon          Hex/Chrm       ##......     19%         3    ####...


Dungeon Overview and Level Annotations

Branches:
Dungeon (4/15)             Temple (0/1) D:4

Altars:
Dithmenos
Hepliaklqana
Okawaru
Vehumet

Annotations:
D:3 Grinder


Message History

The orc hits you with a +0 dagger.
You hear some strange, mumbled words.
Your shroud begins to fray at the edges.
You kill the orc!
Okawaru accepts your kill.
You closely miss something. Something hits you.
You hit something. Something hits you but does no damage.
Your shroud unravels.
Your song is almost over.
Something hits you but does no damage.
Your magical infusion is running out.
Something hits you but does no damage.
A magic dart appears from out of thin air!
The magic dart hits you!
* * * LOW HITPOINT WARNING * * *
Your song has ended.
You hear some strange, mumbled words.
A puff of frost appears from out of thin air!
The puff of frost hits you!
You die...

#...#.......#..###########..#.#.#
...........................##.#.#
......#.....###..###....#####.#.#
.............###.###..### #.#.#
.......#.##..###.##...# #.#.#
...[...#.##....#.#....# #....
......##.##..#...#...## #...#
#.....##.##..#......## #....
.......#.###....@...## ###..#.
.......#.###.<#..##..# ##.))##.
..............#..###.#####..#>##.
#..........#..#.............#{##.
##...)...)......#........>..#..#.
##.#..........##...........##.##
##.#...)...)..##...........##.##
##..#..........##...........##..#
...#..)##.#.................###.#


There were no monsters in sight!

Vanquished Creatures
  A howler monkey (D:4)
  A bullfrog zombie (D:4)
  3 orc priests
  Natasha (thrice) (D:3)
  5 orc wizards (D:4)
  3 worker ants (D:4)
  6 adders
  2 oozes
  A dart slug (D:1)
  A leopard gecko (D:2)
  14 orcs
  2 ball pythons
  2 giant cockroaches
  4 goblins
  5 hobgoblins
  7 jackals
  6 kobolds
  4 quokkas
  2 bats
  5 frilled lizards
  7 rats
  A toadstool (D:2)
85 creatures vanquished.

Vanquished Creatures (others)
  4 toadstools (D:2)
4 creatures vanquished.

Grand Total: 89 creatures vanquished

Notes
Turn   | Place    | Note
-------+----------+-------------------------------------------
     0 | D:1      | Aphrodieselac the Merfolk Skald began the quest for the
                  | Orb.
     0 | D:1      | Reached XP level 1. HP: 16/16 MP: 3/3
   107 | D:1      | Reached XP level 2. HP: 22/22 MP: 0/5
   444 | D:1      | Reached skill level 4 in Charms
   608 | D:2      | Reached XP level 3. HP: 22/27 MP: 0/6
   612 | D:2      | Learned a level 2 spell: Song of Slaying
   615 | D:2      | Learned a level 2 spell: Shroud of Golubria
   816 | D:2      | Found a radiant altar of Vehumet.
  1173 | D:2      | Reached XP level 4. HP: 26/33 MP: 7/7
  1268 | D:2      | Found a hazy altar of Hepliaklqana.
  1750 | D:3      | Noticed Natasha
  1756 | D:3      | Killed Natasha
  1756 | D:3      | Reached skill level 5 in Charms
  2046 | D:3      | Noticed Grinder
  2053 | D:3      | Paralysed by Grinder for 4 turns
  2070 | D:4      | Reached XP level 5. HP: 10/38 MP: 1/8
  2324 | D:3      | Noticed Natasha
  2330 | D:3      | Killed Natasha
  2330 | D:3      | Reached skill level 5 in Polearms
  2365 | D:3      | Noticed Natasha
  2608 | D:3      | Killed Natasha
  2608 | D:3      | Reached skill level 6 in Charms
  2709 | D:3      | Reached XP level 6. HP: 44/44 MP: 5/9
  2894 | D:3      | Found an iron altar of Okawaru.
  2913 | D:3      | Became a worshipper of Warmaster Okawaru
  3115 | D:4      | Found a shadowy altar of Dithmenos.
  3181 | D:4      | Found a staircase to the Ecumenical Temple.
  3189 | D:4      | Reached skill level 7 in Charms
  3280 | D:4      | Reached XP level 7. HP: 14/50 MP: 10/10
  3682 | D:4      | Killed from afar by an orc wizard

Skill      XL: |  1  2  3  4  5  6 |
---------------+-------------------+-----
Charms         | 4 5 6 7 |  7.7
Polearms       | 4 5 6 |  6.9
Fighting       | |  2.1
Armour         | |  0.6
Dodging        | |  2.6
Spellcasting   | |  2.0

Action                   |  1- 3 |  4- 6 |  7- 9 || total
-------------------------+-------+-------+-------++-------
Melee: Spear             |   110 |   158 |    33 ||   301
 Fire: Hunting sling     |       |       |     5 ||     5
 Cast: Infusion          |     6 |     8 |     2 ||    16
       Shroud of Golubri |     1 |     5 |     2 ||     8
       Song of Slaying   |       |     2 |     1 ||     3
  Eat: Chunk             |     1 |     7 |     2 ||    10
Armor: Leather armour    |    19 |    19 |     4 ||    42
Dodge: Dodged            |    46 |    48 |    17 ||   111
